 Dungeon Crawl Stone Soup version 0.32-a0-814-g0968bab981 (webtiles) character file.

Game seed: 8995619596204746354

340724 flinch the Impaler (level 21, -2/162 (164) HPs)
             Began as a Demonspawn Fighter on Mar 22, 2024.
             Was the Champion of Kikubaaqudgha.
             Slain by a +2 hand axe of draining (8 damage)
             ... animated by Zenata
             ... on level 14 of the Dungeon.
             The game lasted 02:15:13 (48633 turns).

flinch the Impaler (Demonspawn Fighter)            Turns: 48633, Time: 02:15:14

HP:   -2/162 (164)  AC: 30    Str: 18    XL:     21   Next: 7%
MP:   16/30         EV: 10    Int: 19    God:    Kikubaaqudgha [******]
Gold: 1549          SH: 23    Dex: 17    Spells: 14/37 levels left

rFire   + + +        l - +9 demon trident (vamp)
rCold   + + +        o - +0 tower shield "Fuante" {Regen+ rCorr}
rNeg    + + .        C - +15 plate armour of a Labyrinth {rElec rPois rF++ Will-}
rPois   +            (helmet restricted)
rElec   +            f - scarf of Ymoasar {+Inv, rF+ rN+ Dex-2}
rCorr   +            D - +2 pair of gloves
SInv    .            (no boots)
Will    +....        S - amulet of reflection
Stlth   +            L - ring of Vickoseu {rC++ EV+5 Dex-2}
HPRegen 1.27/turn    a - ring "Uteqom" {rPois rF+++ rN+ Int-2 Dex+3}
MPRegen 0.22/turn

%: reflection
@: lightly drained
A: hooves 2, thin skeletal structure 3, spiny 3, demonic magic 2, demonic
willpower, antennae 1, clever 1, cold resistance 1, deformed body, low MP 1,
sense surroundings 1
}: 2/15 runes: barnacled, gossamer
a: Renounce Religion, Evoke Invisibility, Unearth Wretches, Torment, Brand
Weapon With Pain, Receive Forbidden Knowledge


You were on level 14 of the Dungeon.
You worshipped Kikubaaqudgha.
Kikubaaqudgha was exalted by your worship.
You visited 8 branches of the dungeon, and saw 35 of its levels.
You visited the Abyss 2 times.
You visited 1 bazaar.

You collected 4203 gold pieces.
You spent 2654 gold pieces at shops.

Inventory:

Hand Weapons
 l - a +9 vampiric demon trident (weapon)
 I - a +3 demon trident of freezing
Missiles
 y - 41 poisoned darts (quivered)
 G - 6 throwing nets
 J - 5 curare-tipped darts
Armour
 f - the scarf of Ymoasar (worn) {+Inv, rF+ rN+ Dex-2}
   (You found it on level 6 of the Dungeon)

   Dex-2:     It affects your dexterity (-2).
   rF+:       It protects you from fire.
   rN+:       It protects you from negative energy.
 o - the +0 tower shield "Fuante" (worn) {Regen+ rCorr}
   (You found it on level 2 of the Shoals)

   Regen+:    It increases your rate of health regeneration.
   rCorr:     It protects you from acid and corrosion.
 q - a +2 kite shield
 r - the +3 cloak of the Fletcher {Regen+ SInv}
   (You found it on level 3 of the Elven Halls)

   SInv:      It lets you see invisible.
   Regen+:    It increases your rate of health regeneration.
 w - the +5 scale mail of Sin {Rampage MP+9 Dex-4 Slay+4}
   (You found it on level 4 of the Dungeon)

   Dex-4:     It affects your dexterity (-4).
   Slay+4:    It affects your accuracy & damage with ranged weapons and melee
   (+4).
   MP+9:      It affects your magic capacity (+9).
   Rampage:   It bestows one free step when moving towards enemies.
 C - the +15 plate armour of a Labyrinth (worn) {rElec rPois rF++ Will-}
   (You bought it in a shop on level 5 of the Dungeon)

   rF++:      It greatly protects you from fire.
   rElec:     It insulates you from electricity.
   rPois:     It protects you from poison.
   Will-:     It decreases your willpower.
 D - a +2 pair of gloves (worn)
 E - a +2 helmet
Jewellery
 a - the ring "Uteqom" (right hand) {rPois rF+++ rN+ Int-2 Dex+3}
   (You took it off a deep elf elementalist on level 3 of the Elven Halls)

   [ring of poison resistance]

   Int-2:     It affects your intelligence (-2).
   Dex+3:     It affects your dexterity (+3).
   rF+++:     It renders you almost immune to fire.
   rPois:     It protects you from poison.
   rN+:       It protects you from negative energy.
 L - the ring of Vickoseu (left hand) {rC++ EV+5 Dex-2}
   (You took it off a deep elf knight on level 3 of the Elven Halls)

   [ring of evasion]

   EV+5:      It affects your evasion (+5).
   Dex-2:     It affects your dexterity (-2).
   rC++:      It greatly protects you from cold.
 P - a ring of see invisible
 S - an amulet of reflection (around neck)
Wands
 c - a wand of quicksilver (23)
 m - a wand of paralysis (41)
 A - a wand of mindburst (30)
 B - a wand of flame (47)
 H - a wand of iceblast (8)
 R - a wand of digging (7)
 X - a wand of polymorph (6)
Scrolls
 b - a scroll of enchant weapon
 e - 17 scrolls of teleportation
 i - 3 scrolls of fog
 s - 5 scrolls of enchant armour
 u - 5 scrolls of silence
 x - 5 scrolls of revelation
 z - 11 scrolls of amnesia
 F - 7 scrolls of blinking
 O - 2 scrolls of torment
 Q - 3 scrolls of brand weapon
 T - 2 scrolls of summoning
 U - 3 scrolls of fear
 Y - 2 scrolls of poison
Potions
 d - 5 potions of might
 g - 6 potions of cancellation
 h - 2 potions of magic
 j - 14 potions of curing
 k - 2 potions of berserk rage
 n - 3 potions of resistance
 p - 5 potions of haste
 t - 6 potions of brilliance
 v - 11 potions of attraction
 N - 10 potions of ambrosia
Miscellaneous
 W - a lightning rod (4/4)


   Skills:
 + Level 13.8 Fighting
 + Level 20.0 Polearms
 - Level 1.0 Throwing
 + Level 14.8 Armour
 - Level 4.4 Dodging
 - Level 4.0 Stealth
 * Level 12.9 Shields
 - Level 8.9 Spellcasting
 - Level 5.4 Summonings
 + Level 16.6 Necromancy
 - Level 8.0 Evocations


You had 14 spell levels left.
You knew the following spells:

 Your Spells              Type           Power      Damage    Failure   Level
a - Curse of Agony        Necr           64%        N/A       14%         5
b - Animate Dead          Necr           64%        N/A       4%          4
c - Dispel Undead         Necr           64%        3d22      4%          4
d - Martyr's Knell        Necr/Summ      50%        N/A       43%         4
e - Vampiric Draining     Necr           64%        2d10      1%          3
t - Fugue of the Fallen   Necr           64%        N/A       1%          3

Your spell library contained the following spells:

 Spells                   Type           Power      Damage    Failure   Level
 Necrotise                Necr           100%       1d9       1%          1
 Sublimation of Blood     Necr           64%        N/A       1%          2
 Cigotuvi's Dreadful Rot  Necr/Alch/Air  58%        N/A       56%         2
 Call Imp                 Summ           58%        N/A       58%         2
 Death Channel            Necr           32%        N/A       58%         6
 Anguish                  Hex/Necr       20%        N/A       83%         4
 Apportation              Tloc           16%        N/A       99%         1
 Foxfire                  Conj/Fire      32%        2x1d5     99%         1
 Slow                     Hex            32%        N/A       99%         1
 Summon Ice Beast         Ice/Summ       18%        N/A       99%         3
 Borgnjor's Vile Clutch   Necr/Erth      20%        N/A       99%         5
 Ensorcelled Hibernation  Hex/Ice        16%        N/A       100%        2
 Jinxbite                 Hex            16%        N/A       100%        2
 Mercury Vapours          Alch/Air       16%        N/A       100%        2
 Confusing Touch          Hex            8%         N/A       100%        3
 Frozen Ramparts          Ice            16%        1d3       100%        3
 Hailstorm                Conj/Ice       8%         3d5       100%        3
 Mephitic Cloud           Conj/Alch/Air  8%         N/A       100%        3
 Ozocubu's Armour         Ice            8%         N/A       100%        3
 Passwall                 Erth           8%         N/A       100%        3
 Swiftness                Air            8%         N/A       100%        3
 Leda's Liquefaction      Alch/Erth      4%         N/A       100%        4
 Manifold Assault         Tloc           8%         N/A       100%        4
 Petrify                  Alch/Erth      8%         N/A       100%        4
 Alistair's Intoxication  Alch           5%         N/A       100%        5
 Freezing Cloud           Conj/Ice/Air   4%         6-21      100%        5
 Metabolic Englaciation   Hex/Ice        4%         N/A       100%        5
 Summon Mana Viper        Hex/Summ       18%        N/A       100%        5
 Dispersal                Tloc           4%         N/A       100%        6
 Permafrost Eruption      Ice/Erth       4%         2x4d3     100%        6
 Plasma Beam              Fire/Air       4%         2x1d14    100%        6
 Sculpt Simulacrum        Ice/Alch       4%         N/A       100%        6
 Starburst                Conj/Fire      4%         6d3       100%        6
 Monstrous Menagerie      Summ           14%        N/A       100%        7
 Summon Hydra             Summ           14%        N/A       100%        7
 Discord                  Hex            4%         N/A       100%        8
 Disjunction              Tloc           4%         N/A       100%        8


Dungeon Overview and Level Annotations

Branches:
Dungeon (15/15)            Temple (1/1) D:7            Lair (5/5) D:10
 Shoals (4/4) Lair:2       Spider (4/4) Lair:2        Slime (0/5) Lair:4
    Orc (2/2) D:10            Elf (3/3) Orc:2        Vaults (1/5) D:14
 Depths (0/4) D:15

Altars:
Ashenzari
Cheibriados
Dithmenos
Fedhas
Gozag
Hepliaklqana
Kikubaaqudgha
Makhleb
Nemelex Xobeh
Okawaru
Qazlal
Ru
Sif Muna
Trog
Uskayaw
Vehumet
Wu Jian
Xom
Yredelemnul
Beogh
Jiyva
Lugonu

Shops:
D:2 ?   D:3 *   D:5 [=   D:9 *   D:10 [   D:15 [   Orc:2 [(*:   Elf:2 *:
Elf:3 (   Shoals:2 [**

Annotations:
D:13 1 runed translucent door
D:14 Zenata
Spider:3 2 transporters, Ihilaj's ghost, adept MfSu


Innate Abilities, Weirdness & Mutations

You have hoof-like feet.
You have an unnaturally thin skeletal structure. (Dex +6, Stealth+++)
You are completely covered in sharp spines.
Spells you cast may paralyse nearby enemies.
You punish those that try to bend your will. (Will+)
You have a pair of small antennae on your head.
Your mind is acute. (Int +4, Str/Dex -1)
Your flesh is cold resistant. (rC+)
Armour fits poorly on your strangely shaped body.
Your magical capacity is low. (-10% MP)
You passively map a small area around you.


Message History

Confirm with . or Enter, or press ? or * to list all spells.
Aiming: Vampiric Draining (safe; 1% risk of failure)
Press: ? - help, Shift-Dir - straight line, f/p - Zenata
Aim: Zenata, wielding a +2 executioner's axe and wearing a +0 leather armour (severely wounded)
You draw life force from Zenata!
You feel life coursing into your body. Malevolent energies surge around you.
The +1 dire flail of draining is struck by your spines.
The +1 dire flail of draining hits you. You partially resist.
You block the +2 flail of protection's attack.
You block the +1 dire flail of draining's attack.
You block the +2 flail of protection's attack.
You block the +1 dire flail of draining's attack.
Zenata gestures, and weapons take to the air!
Casting: Vampiric Draining (safe; 1% risk of failure)
Confirm with . or Enter, or press ? or * to list all spells.
Aiming: Vampiric Draining (safe; 1% risk of failure)
Press: ? - help, Shift-Dir - straight line, f/p - Zenata
Aim: Zenata, wielding a +2 executioner's axe and wearing a +0 leather armour (severely wounded)
You draw life force from Zenata!
You feel life coursing into your body. Malevolent energies surge around you.
You block the +1 dire flail of draining's attack.
The +2 flail of protection hits you. The +1 dire flail of draining hits you!
You partially resist.
You feel drained.
The +2 flail of protection is struck by your spines.
The +2 flail of protection hits you but does no damage.
The +2 heavy glaive hits you from afar!!
* * * LOW HITPOINT WARNING * * *
You block the +1 dire flail of draining's attack.
Zenata points at you and mumbles some strange words.
A blast of power from the earth and the adjacent constructs strikes you!
* * * LOW HITPOINT WARNING * * *
Okay, then.
Okay, then.
Unknown command.
Blink to where?
Press: ? - help, Dir - move target, p - Zenata
As you read the scroll of blinking, it crumbles to dust.
The +2 hand axe of draining hits you!
You die...
Kikubaaqudgha rasps: You have failed me!
Welcome... death!

...#...#...#####.#..#.#####..#...
...#...#.....)...............####
...#####.....Z)).................
...'...#...#####.#..#.########...
####...#...#.#..........#.#..#...
...#...'...#(.##.#..#.##..#..##'#
...#####...#.#.#.#..#.#.#.#..#...
.......#...#a(#(##..##.#..#..#...
.......#...#§(.(@#..#....!#..#...
####...#...#######..#######'##...
...#...#..)[.........# #...####
..)#...#...#...###########...#...
...#...'...#.))#.....#...#...#...
####...#...#..<'.....#...#...#...
...#####...#..[#.....#...##'##...
.......#####...#.÷...#...#...#..(
.....>.........#.....#...#.!.....


You could see Zenata and 5 dancing weapons.

Vanquished Creatures
  Bai Suzhen (Spider:2)
  A tentacled monstrosity (Abyss:3)
  3 deep elf blademasters
  A lich (Abyss:3)
  Asterion (Spider:1)
  2 deep elf master archers (Elf:3)
  Polyphemus (Shoals:4)
  2 tentacled starspawn (Abyss:3)
  Ilsuiw (Shoals:2)
  Kirke (Lair:3)
  Aizul (Shoals:2)
  6 deep elf sorcerers (Elf:3)
  A frost giant (Shoals:4)
  Louise (Spider:1)
  3 ghost moths
  6 emperor scorpions
  4 deep elf elementalists (Elf:3)
  An orc warlord (Orc:1)
  A formless jellyfish (Shoals:1)
  A stone giant (D:14)
  5 broodmothers
  A lorocyproca (Abyss:3)
  6 deep elf demonologists (Elf:3)
  Nessos (Orc:2)
  9 deep elf death magi
  5 deep elf annihilators (Elf:3)
  3 spark wasps
  2 merfolk javelineers
  Josephine (D:12)
  An entropy weaver (shapeshifter) (Elf:1)
  Snorg (D:13)
  5 entropy weavers
  A deep elf high priest (Elf:3)
  10 merfolk impalers
  Harold (Lair:1)
  The ghost of AeshMezareph the Fighter, a novice OnWr of the Shining One (D:9)
  3 merfolk avatars
  2 hydras
  Erolcha (Orc:2)
  2 ogre magi (D:14)
  2 vault guards (Elf:3)
  A deep troll shaman (Lair:5)
  A jorogumo (Spider:1)
  2 catoblepae
  5 centaur warriors
  Erica (D:8)
  12 two-headed ogres
  11 boulder beetles
  5 merfolk aquamancers (Shoals:4)
  23 dancing weapons
  4 radroaches
  A death knight (D:13)
  2 tengu warriors
  5 death yaks (Lair:5)
  4 demonic crawlers
  24 deep elf knights
  An occultist (D:15)
  3 orc high priests
  5 thrashing horrors (Abyss:3)
  10 skeletal warriors
  Sonja (D:10)
  A vampire mage (Abyss:3)
  Nergalle (D:10)
  A spatial maelstrom (Abyss:3)
  2 wretched stars (Abyss:3)
  A shadow wraith (Abyss:3)
  A sixfirhy (Abyss:3)
  5 pharaoh ants
  9 skysharks
  12 orb spiders
  2 phantasmal warriors (D:13)
  16 sea snakes
  A sun moth (Spider:4)
  An arcanist (D:14)
  4 steelbarb worms
  16 deep elf zephyrmancers
  2 thermic dynamos (Elf:1)
  7 deep elf archers
  12 harpies
  A harpy (shapeshifter) (Elf:1)
  3 orc knights
  A faun (shapeshifter) (Elf:1)
  20 ugly things
  31 deep elf pyromancers
  2 obsidian bats
  24 wolf spiders
  A faun (Shoals:1)
  6 manticores
  4 orc sorcerers (Orc:2)
  Maurice (D:10)
  2 cyclopes
  2 moths of wrath
  A guardian serpent (D:11)
  9 meliai
  A worldbinder (Abyss:3)
  2 large abominations (Abyss:3)
  6 merfolk sirens
  17 elephants
  8 kobold blastminers (Orc:2)
  A smoke demon (Abyss:3)
  5 water nymphs
  A black mamba (Lair:1)
  A vault sentinel (Vaults:1)
  4 apocalypse crabs (Abyss:3)
  4 torpor snails
  4 centaur skeletons (D:14)
  A gargoyle (D:12)
  9 cane toads
  An unseen horror (D:12)
  An efreet (D:13)
  3 rime drakes
  Jeremiah (D:8)
  A tengu conjurer (D:13)
  Psyche (D:9)
  5 komodo dragons
  9 trolls
  9 wind drakes
  A queen bee (shapeshifter) (Elf:1)
  24 merfolk
  14 blink frogs
  Grinder (D:5)
  A hornet (shapeshifter) (Elf:1)
  A raiju (shapeshifter) (D:14)
  15 tarantellas
  A raiju (Abyss:3)
  A hornet (D:8)
  5 snapping turtles
  6 dream sheep (Lair:5)
  4 air elementals
  17 slime creatures
  18 jumping spiders
  22 culicivoras
  2 water elementals
  7 wraiths
  3 shadows
  A fire bat (Abyss:3)
  A spriggan (shapeshifter) (Elf:1)
  Eustachio (D:6)
  4 fire elementals
  2 ynoxinuls (Abyss:3)
  5 hogs (Lair:3)
  6 starcursed masses (Abyss:3)
  3 wyverns
  3 steam dragons
  54 yaks
  3 wargs
  5 basilisks
  3 chaos spawn (Abyss:3)
  2 vampire mosquitoes (D:13)
  42 redbacks
  2 acid dragons (D:12)
  A swamp worm (shapeshifter) (Elf:3)
  23 orc warriors
  11 water moccasins
  An ice beast (D:7)
  A sky beast (D:6)
  2 black bears (Lair:5)
  3 laughing skulls
  6 ogres
  14 wolves
  7 centaurs
  4 boggarts
  A centaur (shapeshifter) (D:15)
  A phantom (D:5)
  3 kobold brigands
  2 brain worms (Abyss:3)
  10 bullfrogs
  A gnoll sergeant (D:10)
  2 scorpions
  2 earth elementals
  9 wights
  6 killer bees
  3 howler monkeys
  An iron imp (D:7)
  3 jellies
  A bombardier beetle (D:5)
  19 orc priests
  A gnoll bouda (D:8)
  A sleepcap (D:8)
  Jessica (D:2)
  Terence (D:2)
  18 orc wizards
  4 hell rats (Lair:4)
  Robin (D:2)
  8 gnolls
  7 adders
  4 white imps
  2 ufetubi (Abyss:3)
  2 dart slugs
  A ribbon worm (D:2)
  85 orcs
  5 endoplasms
  5 giant cockroaches
  9 hobgoblins
  7 jackals
  14 kobolds
  4 quokkas
  5 ball pythons
  5 bats
  5 frilled lizards
  18 goblins
  7 rats
1157 creatures vanquished.

Vanquished Creatures (collateral kills)
  Rupert (Spider:1)
  Donald (Shoals:2)
  A merfolk javelineer (Shoals:4)
  A merfolk impaler (Shoals:4)
  2 hydras
  A merfolk aquamancer (Shoals:4)
  3 death yaks
  An orc high priest (Orc:2)
  A pharaoh ant (Spider:4)
  A sea snake (Shoals:4)
  2 orb spiders
  A deep elf archer (Elf:1)
  An orc knight (Orc:2)
  A deep elf zephyrmancer (Elf:1)
  4 ugly things (D:14)
  6 elephants
  A cane toad (Lair:2)
  2 torpor snails
  2 komodo dragons
  2 merfolk (Shoals:4)
  6 tarantellas (Spider:1)
  3 blink frogs
  3 culicivoras
  3 jumping spiders
  9 yaks
  A wraith (D:12)
  4 redbacks
  A basilisk (Lair:4)
  3 water moccasins
  An orc warrior (Orc:2)
  2 wolves (Lair:5)
  A bullfrog (Lair:2)
  A jelly (Lair:4)
  2 hell rats (Lair:4)
  An orc (Orc:2)
76 creatures vanquished.

Vanquished Creatures (others)
  3 deep elf knights
  2 wolf spider zombies
  A deep elf zephyrmancer (Elf:2)
  A deep elf pyromancer (D:14)
  A death yak zombie (Shoals:4)
  A steelbarb worm zombie (Spider:4)
  A catoblepas zombie (Shoals:4)
  A sea snake zombie (Shoals:4)
  7 redback zombies
  3 culicivora zombies
  2 tarantella zombies
  4 jumping spider zombies (Spider:1)
  A radroach zombie (Spider:4)
  A jumping spider (Spider:4)
  6 elf zombies
  A human (Lair:4)
  A cane toad zombie (Lair:4)
  4 merfolk zombies (Shoals:4)
  4 elephant zombies (Lair:5)
  4 blink frog zombies
  A kobold brigand (D:14)
  A water moccasin zombie (Lair:4)
  A troll zombie (Orc:2)
  8 yak zombies
  2 wolf zombies (Lair:5)
  A basilisk zombie (Lair:4)
  An orc wizard (D:6)
  A kobold zombie (D:14)
  3 ogre zombies
  4 hell rat zombies (Lair:4)
  13 orc zombies
  6 starspawn tentacles (Abyss:3)
  4 tentacles (Shoals:1)
95 creatures vanquished.

Grand Total: 1328 creatures vanquished

Notes
Turn   | Place    | Note
-------+----------+-------------------------------------------
     0 | D:1      | flinch the Demonspawn Fighter began the quest for the Orb.
     0 | D:1      | Reached XP level 1. HP: 18/18 MP: 1/1
    84 | D:1      | Reached skill level 2 in Polearms
   149 | D:1      | Gained mutation: You have large cloven feet. [demonic
                  | ancestry]
   149 | D:1      | Reached XP level 2. HP: 22/24 MP: 2/2
   979 | D:2      | Reached XP level 3. HP: 29/29 MP: 3/3
   979 | D:2      | Noticed Robin
  1126 | D:2      | Killed Robin
  1210 | D:2      | Found a sacrificial altar of Ru.
  1224 | D:2      | Noticed Jessica
  1239 | D:2      | Killed Jessica
  1240 | D:2      | Reached skill level 3 in Polearms
  1240 | D:2      | Reached XP level 4. HP: 8/35 MP: 4/4
  1349 | D:2      | Learned a level 3 spell: Fugue of the Fallen
  1524 | D:2      | Found Iwnetaor's Magic Scroll Emporium.
  1531 | D:2      | Bought a scroll of identify for 24 gold pieces
  1563 | D:2      | Noticed Terence
  1588 | D:2      | Killed Terence
  1858 | D:2      | Reached skill level 1 in Necromancy
  1858 | D:2      | Gained mutation: You are partially covered in sharp spines.
                  | [demonic ancestry]
  1858 | D:2      | Reached XP level 5. HP: 41/41 MP: 5/5
  2050 | D:2      | Bought a scroll of teleportation for 36 gold pieces
  2071 | D:3      | Found a hide-covered altar of Uskayaw.
  2153 | D:3      | Found Vakhab's General Store.
  2197 | D:3      | Found a shimmering altar of Xom.
  2534 | D:3      | Reached skill level 4 in Polearms
  2578 | D:3      | Gained mutation: You have a somewhat thin skeletal
                  | structure. (Dex +2, Stealth+) [demonic ancestry]
  2578 | D:3      | Reached XP level 6. HP: 44/47 MP: 6/6
  2623 | D:3      | Found a broken altar of Ashenzari.
  2624 | D:3      | Found an ancient bone altar of Kikubaaqudgha.
  2669 | D:3      | Became a worshipper of Kikubaaqudgha
  2708 | D:3      | Found an ornate altar of the Wu Jian Council.
  3847 | D:4      | Identified the +5 scale mail of Sin {Rampage MP+9 Dex-4
                  | Slay+4}
  4108 | D:5      | Entered Level 5 of the Dungeon
  4205 | D:5      | Identified a scroll of acquirement
  4206 | D:5      | Acquired a +2 vampiric demon trident
  4351 | D:5      | Found a bloodstained altar of Trog.
  4393 | D:5      | Reached XP level 7. HP: 52/52 MP: 7/7
  4432 | D:5      | Found a basalt altar of Yredelemnul.
  4505 | D:5      | Found a sparkling altar of Nemelex Xobeh.
  4651 | D:5      | Found Cebec's Jewellery Emporium.
  4690 | D:5      | Noticed Grinder
  4702 | D:5      | Paralysed by Grinder for 2 turns
  4710 | D:5      | Killed Grinder
  4711 | D:5      | Reached skill level 5 in Polearms
  4711 | D:5      | Reached skill level 1 in Spellcasting
  4872 | D:5      | Found a radiant altar of Vehumet.
  4893 | D:5      | Found Reodo's Armour Shoppe.
  5314 | D:6      | Reached * piety under Kikubaaqudgha
  5314 | D:6      | Received a gift from Kikubaaqudgha
  5355 | D:6      | Reached skill level 1 in Evocations
  5355 | D:6      | Gained mutation: You are mostly covered in sharp spines.
                  | [demonic ancestry]
  5355 | D:6      | Reached XP level 8. HP: 45/58 MP: 9/9
  5392 | D:6      | Learned a level 3 spell: Vampiric Draining
  5394 | D:6      | Learned a level 1 spell: Necrotise
  5657 | D:6      | Identified the scarf of Ymoasar {+Inv, rF+ rN+ Dex-2}
  5843 | D:6      | Noticed Eustachio
  5851 | D:6      | Killed Eustachio
  5852 | D:6      | Reached skill level 6 in Polearms
  6192 | D:7      | Reached skill level 5 in Shields
  6200 | D:7      | Reached skill level 5 in Armour
  6418 | D:7      | Found a staircase to the Ecumenical Temple.
  6460 | D:7      | Reached XP level 9. HP: 52/64 MP: 10/10
  6467 | D:7      | Reached skill level 7 in Polearms
  6526 | Temple   | Entered the Ecumenical Temple
  6609 | Temple   | Reached ** piety under Kikubaaqudgha
  6886 | D:7      | Found a burning altar of Makhleb.
  7042 | D:2      | Bought 3 scrolls of blinking for 270 gold pieces
  7281 | D:8      | Reached skill level 5 in Necromancy
  7426 | D:8      | Noticed Erica
  7428 | D:8      | Noticed a two-headed ogre
  7669 | D:9      | Noticed Psyche
  7673 | D:9      | Killed Psyche
  7732 | D:9      | Reached skill level 8 in Polearms
  7828 | D:9      | Found Mextulai's Assorted Antiques.
  8097 | D:9      | Reached *** piety under Kikubaaqudgha
  8097 | D:9      | Received a gift from Kikubaaqudgha
  8279 | D:9      | Found a runed translucent gate.
  8279 | D:9      | Found a runed translucent gate.
  8279 | D:9      | Found a runed translucent gate.
  8285 | D:9      | Noticed AeshMezareph's ghost (novice OnWr)
  8325 | D:9      | Found a faded altar of an unknown god.
  8325 | D:9      | Found a faded altar of an unknown god.
  8327 | D:9      | Found a hazy altar of Hepliaklqana.
  8609 | D:10     | Entered Level 10 of the Dungeon
  8619 | D:10     | Reached skill level 1 in Throwing
  8619 | D:10     | Reached XP level 10. HP: 72/73 MP: 11/11
  8643 | D:10     | Found a staircase to the Lair.
  8643 | D:10     | Noticed Sonja
  8751 | D:10     | Killed Sonja
  8752 | D:10     | Reached skill level 5 in Fighting
  8999 | D:10     | Learned a level 4 spell: Animate Dead
  9037 | D:10     | Found a staircase to the Orcish Mines.
  9152 | D:10     | Noticed a two-headed ogre
  9161 | D:10     | Killed a two-headed ogre
  9162 | D:10     | Reached skill level 9 in Polearms
  9344 | D:10     | Noticed Nergalle
  9357 | D:10     | Killed Nergalle
  9491 | D:10     | Reached **** piety under Kikubaaqudgha
  9658 | D:10     | Found Meafuf's Antique Armour Emporium.
  9684 | D:10     | Noticed Maurice
  9689 | D:10     | Maurice stole 5 curare-tipped darts
  9702 | D:10     | Killed Maurice
 10016 | D:10     | Reached XP level 11. HP: 81/81 MP: 12/12
 10822 | D:8      | Killed Erica
 10823 | D:8      | Reached skill level 10 in Polearms
 10982 | D:8      | Found a sacrificial altar of Ru.
 11049 | D:8      | Noticed Jeremiah
 11199 | D:8      | Killed a two-headed ogre
 11257 | D:8      | Killed Jeremiah
 11543 | Orc:1    | Entered Level 1 of the Orcish Mines
 11543 | Orc:1    | Noticed an orc knight
 11728 | D:11     | Noticed a boulder beetle
 11740 | D:11     | Killed a boulder beetle
 11889 | D:11     | Noticed a boulder beetle
 11903 | D:11     | Killed a boulder beetle
 12769 | D:12     | Noticed a deep elf pyromancer
 12777 | D:11     | Killed a deep elf pyromancer
 12849 | D:12     | Noticed a cyan ugly thing
 12864 | D:11     | Killed a cyan ugly thing
 13047 | D:12     | Reached skill level 11 in Polearms
 13047 | D:12     | Reached XP level 12. HP: 79/91 MP: 17/17
 13778 | D:12     | Noticed a two-headed ogre
 13789 | D:11     | Killed a two-headed ogre
 13835 | D:12     | Reached ***** piety under Kikubaaqudgha
 13973 | D:11     | Learned a level 4 spell: Dispel Undead
 14128 | D:12     | Found a roughly hewn altar of Beogh.
 14190 | D:12     | Noticed Josephine
 14194 | D:12     | Killed Josephine
 14753 | D:13     | Noticed a two-headed ogre
 14760 | D:12     | Killed a two-headed ogre
 14907 | D:13     | Reached skill level 1 in Stealth
 14907 | D:13     | Reached skill level 5 in Spellcasting
 14915 | D:13     | Found a runed translucent door.
 14928 | D:13     | Found a basalt altar of Yredelemnul.
 14993 | D:13     | Reached skill level 12 in Polearms
 15235 | Lair:1   | Entered Level 1 of the Lair of Beasts
 15362 | Lair:1   | Noticed Harold
 15368 | Lair:1   | Killed Harold
 15552 | Lair:1   | Gained mutation: You have hoof-like feet. [demonic
                  | ancestry]
 15552 | Lair:1   | Reached XP level 13. HP: 93/96 MP: 21/21
 15717 | Lair:1   | Reached skill level 10 in Necromancy
 16325 | Lair:2   | HP: 3/96 [blink frog (13)]
 16329 | Lair:2   | Reached skill level 13 in Polearms
 16551 | Lair:2   | Found a hole to the Spider Nest.
 16657 | Lair:2   | Found a staircase to the Shoals.
 16803 | Lair:2   | Reached skill level 1 in Dodging
 16851 | Lair:2   | Reached ****** piety under Kikubaaqudgha
 17613 | Lair:3   | Identified the +10 spear of the Incandescent {freeze,
                  | Dex+4}
 18078 | Lair:4   | Noticed Kirke
 18107 | Lair:3   | Killed Kirke
 18108 | Lair:3   | Reached skill level 10 in Armour
 18316 | Lair:4   | Gained mutation: You have a moderately thin skeletal
                  | structure. (Dex +4, Stealth++) [demonic ancestry]
 18316 | Lair:4   | Reached XP level 14. HP: 103/103 MP: 24/24
 18355 | Lair:4   | Found a viscous altar of Jiyva.
 18355 | Lair:4   | Found a staircase to the Slime Pits.
 19078 | Lair:5   | Entered Level 5 of the Lair of Beasts
 19548 | Lair:5   | Reached skill level 14 in Polearms
 20451 | D:10     | Learned a level 4 spell: Martyr's Knell
 20759 | Orc:1    | Reached skill level 1 in Summonings
 21062 | Orc:2    | Entered Level 2 of the Orcish Mines
 21064 | Orc:2    | Found Anur's Antique Weapon Boutique.
 21120 | Orc:2    | Found a roughly hewn altar of Beogh.
 21180 | Orc:2    | Noticed Nessos
 21215 | Orc:2    | Noticed an orc warlord
 21215 | Orc:2    | Paralysed by an orc sorcerer for 2 turns
 21219 | Orc:2    | Reached skill level 15 in Polearms
 21418 | Orc:1    | Killed an orc warlord
 21419 | Orc:1    | Reached XP level 15. HP: 60/110 MP: 26/26
 21581 | Orc:2    | Found Keka's Book Emporium.
 21610 | Orc:2    | Killed Nessos
 21922 | Orc:2    | Gained mutation: You are vulnerable to heat. (rF-) [a
                  | neqoxec]
 22031 | Orc:2    | Paralysed by an orc sorcerer for 4 turns
 22127 | Orc:1    | Lost mutation: You are vulnerable to heat. (rF-) [potion of
                  | mutation]
 22127 | Orc:1    | Gained mutation: You occasionally lose the ability to drink
                  | potions when taking damage. [potion of mutation]
 22127 | Orc:1    | Gained mutation: You are covered in fur. (AC +1) [potion of
                  | mutation]
 22290 | Orc:2    | Noticed Erolcha
 22303 | Orc:2    | Killed Erolcha
 22328 | Orc:2    | Found Faesol's Antique Armour Shoppe.
 22438 | Orc:2    | Found Lyguixt's General Store.
 22452 | Orc:2    | Your ally Erolcha died
 22456 | Orc:2    | Gained mutation: Armour fits poorly on your strangely
                  | shaped body. [a neqoxec]
 22461 | Orc:2    | Gained mutation: You are strong-willed. (Will+) [a neqoxec]
 22464 | Orc:2    | Lost mutation: You occasionally lose the ability to drink
                  | potions when taking damage. [potion of mutation]
 22464 | Orc:2    | Lost mutation: You are strong-willed. (Will+) [potion of
                  | mutation]
 22464 | Orc:2    | Gained mutation: You have a pair of small horns on your
                  | head. [potion of mutation]
 22464 | Orc:2    | Gained mutation: You expend magic power (3 MP) to
                  | strengthen your wands. [potion of mutation]
 22709 | Orc:2    | Found a staircase to the Elven Halls.
 23432 | D:13     | Noticed Snorg
 23446 | D:13     | Killed Snorg
 24354 | D:5      | Bought the +15 plate armour of a Labyrinth {rElec rPois
                  | rF++ Will-} for 1797 gold pieces
 24479 | D:9      | Killed AeshMezareph's ghost
 24666 | D:14     | Reached skill level 16 in Polearms
 26101 | D:14     | Found a gate to the Vaults.
 26296 | D:14     | Reached skill level 17 in Polearms
 26605 | D:15     | Entered Level 15 of the Dungeon
 26721 | D:15     | Reached skill level 5 in Evocations
 26755 | D:15     | Found Bublyor's Armour Boutique.
 26838 | D:15     | Gained mutation: You are completely covered in sharp
                  | spines. [demonic ancestry]
 26838 | D:15     | Reached XP level 16. HP: 120/120 MP: 27/27
 27501 | D:15     | Found a staircase to the Depths.
 27933 | Shoals:1 | Entered Level 1 of the Shoals
 27938 | Shoals:2 | Identified the serpent talisman of Oril Uwa {Slay+3}
 27938 | Shoals:2 | Noticed Aizul
 28715 | Shoals:1 | Noticed a kraken
 29071 | Shoals:1 | Reached skill level 18 in Polearms
 29756 | Shoals:2 | Identified the +0 tower shield "Fuante" {Regen+ rCorr}
 29827 | Shoals:2 | Found Rocy's Armour Boutique.
 29836 | Shoals:2 | Found Covat's General Store.
 29836 | Shoals:2 | Found Jeacw's Specific Store.
 29844 | Shoals:2 | Bought a scroll of teleportation for 45 gold pieces
 29844 | Shoals:2 | Identified the +0 kite shield of Werchoes {Harm +Inv Fly
                  | rElec Slay-3}
 29844 | Shoals:2 | Noticed Donald
 29854 | Shoals:2 | Killed Donald
 29866 | Shoals:2 | Killed Aizul
 29923 | Shoals:2 | Noticed Ilsuiw
 29986 | Shoals:2 | Killed Ilsuiw
 29987 | Shoals:2 | Reached skill level 10 in Fighting
 30848 | Shoals:4 | Entered Level 4 of the Shoals
 31965 | Shoals:4 | Identified the +9 great sword of Crusades {vamp, rElec rF++
                  | Dex+2 Stlth-}
 32203 | Shoals:4 | Gained mutation: Spells you cast may paralyse adjacent
                  | enemies. [demonic ancestry]
 32203 | Shoals:4 | Reached XP level 17. HP: 124/129 MP: 29/29
 32691 | Shoals:4 | Got a barnacled rune of Zot
 32908 | Shoals:4 | Noticed Polyphemus
 32929 | Shoals:4 | Killed Polyphemus
 33430 | Spider:1 | Entered Level 1 of the Spider Nest
 33440 | Spider:1 | Noticed Rupert
 33443 | Spider:1 | Paralysed by Rupert for 2 turns
 33463 | Spider:1 | Killed Rupert
 33521 | Spider:1 | Identified the maw talisman of the Bouncing Quests {rPois
                  | Int+4}
 33737 | Spider:1 | Noticed Asterion
 33961 | Spider:1 | Killed Asterion
 34116 | Spider:1 | Noticed Louise
 34135 | Spider:1 | Killed Louise
 34817 | Spider:2 | Gained mutation: You are weak. (Str -2) [mutagenic glow]
 34895 | Spider:2 | Lost mutation: You have a pair of small horns on your head.
                  | [potion of mutation]
 34895 | Spider:2 | Lost mutation: You are weak. (Str -2) [potion of mutation]
 34895 | Spider:2 | Gained mutation: Your spells are a little harder to cast,
                  | but a little more powerful. [potion of mutation]
 34895 | Spider:2 | Gained mutation: You have a pair of small horns on your
                  | head. [potion of mutation]
 34895 | Spider:2 | Lost mutation: You expend magic power (3 MP) to strengthen
                  | your wands. [potion of mutation]
 34895 | Spider:2 | Gained mutation: You passively map a small area around you.
                  | [potion of mutation]
 35663 | Spider:2 | Reached skill level 19 in Polearms
 35957 | Spider:3 | Noticed Bai Suzhen
 36040 | Spider:2 | Killed Bai Suzhen
 36253 | Spider:3 | Gained mutation: Spells you cast may paralyse nearby
                  | enemies. [demonic ancestry]
 36253 | Spider:3 | Reached XP level 18. HP: 140/140 MP: 30/30
 36681 | Spider:2 | Reached skill level 15 in Necromancy
 36851 | Spider:3 | Found a transporter.
 37179 | Spider:3 | Noticed Ihilaj's ghost (adept MfSu)
 37308 | Spider:4 | Entered Level 4 of the Spider Nest
 37394 | Spider:3 | Found a transporter.
 38860 | Spider:4 | Lost mutation: You have a pair of small horns on your head.
                  | [potion of mutation]
 38860 | Spider:4 | Lost mutation: Your spells are a little harder to cast, but
                  | a little more powerful. [potion of mutation]
 38860 | Spider:4 | Gained mutation: Your flesh is cold resistant. (rC+)
                  | [potion of mutation]
 38860 | Spider:4 | Gained mutation: Your flesh is heat resistant. (rF+)
                  | [potion of mutation]
 39694 | Spider:4 | Learned a level 5 spell: Curse of Agony
 40893 | Spider:4 | Reached skill level 10 in Shields
 41278 | Spider:4 | Got a gossamer rune of Zot
 41597 | Orc:2    | Bought a scroll of enchant weapon for 120 gold pieces
 41608 | Elf:1    | Entered Level 1 of the Elven Halls
 42116 | Elf:1    | Lost mutation: Your flesh is heat resistant. (rF+) [potion
                  | of mutation]
 42116 | Elf:1    | Lost mutation: Your flesh is cold resistant. (rC+) [potion
                  | of mutation]
 42116 | Elf:1    | Lost mutation: You are covered in fur. (AC +1) [potion of
                  | mutation]
 42116 | Elf:1    | Gained mutation: You are robust. (+10% HP) [potion of
                  | mutation]
 42116 | Elf:1    | Gained mutation: Your body sometimes deteriorates upon
                  | taking damage. [potion of mutation]
 42790 | Elf:2    | Found Toqiy's CLEARANCE SALE!.
 42822 | Elf:2    | Found a flickering gateway to a bazaar.
 42831 | Bazaar   | Entered a bazaar
 42833 | Bazaar   | Found Ipivuh's Magic Scroll Boutique.
 42837 | Bazaar   | Found Humeih's Book Boutique.
 42837 | Bazaar   | Found Nuymmau's Armour Boutique.
 42837 | Bazaar   | Found Genuvef's Armour Boutique.
 42861 | Bazaar   | Bought a scroll of blinking for 97 gold pieces
 42861 | Bazaar   | Bought a scroll of enchant weapon for 97 gold pieces
 42861 | Bazaar   | Bought 3 scrolls of teleportation for 117 gold pieces
 42861 | Bazaar   | Bought a scroll of teleportation for 39 gold pieces
 42937 | Elf:2    | Paralysed by an air elemental for 1 turns
 42962 | Elf:2    | Found Zeadev's One-of-a-Kind Books.
 43285 | Elf:2    | Gained mutation: You have an unnaturally thin skeletal
                  | structure. (Dex +6, Stealth+++) [demonic ancestry]
 43285 | Elf:2    | Reached XP level 19. HP: 162/162 MP: 31/31
 43294 | Elf:3    | Entered Level 3 of the Elven Halls
 43366 | Elf:2    | Paralysed by an air elemental for 1 turns
 43390 | Elf:3    | Found Duasyuti's Weapon Boutique.
 43506 | Elf:2    | Found a huge runed translucent gate.
 43506 | Elf:2    | Found a huge runed translucent gate.
 43506 | Elf:2    | Found a huge runed translucent gate.
 43506 | Elf:2    | Found a huge runed translucent gate.
 43506 | Elf:2    | Found a huge runed translucent gate.
 43756 | Elf:2    | Bought a potion of curing for 12 gold pieces
 46234 | Abyss:3  | Cast into level 3 of the Abyss (a deep elf demonologist)
 46449 | Abyss:3  | Paralysed by an apocalypse crab for 1 turns
 46799 | Elf:3    | Escaped the Abyss
 46953 | Elf:3    | Noticed a Brimstone Fiend
 47189 | Elf:3    | Lost mutation: Your body sometimes deteriorates upon taking
                  | damage. [potion of mutation]
 47189 | Elf:3    | Lost mutation: You are robust. (+10% HP) [potion of
                  | mutation]
 47189 | Elf:3    | Gained mutation: Your magical capacity is low. (-10% MP)
                  | [potion of mutation]
 47189 | Elf:3    | Gained mutation: You have a pair of small antennae on your
                  | head. [potion of mutation]
 47189 | Elf:3    | Gained mutation: Your flesh is cold resistant. (rC+)
                  | [potion of mutation]
 47189 | Elf:3    | Gained mutation: Your mind is acute. (Int +4, Str/Dex -1)
                  | [potion of mutation]
 47445 | Elf:3    | Identified the ring of Vickoseu {rC++ EV+5 Dex-2}
 47610 | Elf:3    | Reached skill level 20 in Polearms
 47705 | Elf:3    | Found the ring of the Octopus King {rC+ HP+2 AC+2 EV+2
                  | SH+2}
 47735 | Elf:3    | Identified the +3 trident "Teit" {flame, rF+ Str+3 Dex+2}
 47735 | Elf:3    | Identified the +0 robe "Movaur" {rC+ Slay+2 Stlth+}
 47735 | Elf:3    | Identified the ring "Uteqom" {rPois rF+++ rN+ Int-2 Dex+3}
 47741 | Elf:3    | Reached XP level 20. HP: 158/158 MP: 29/29
 47880 | Elf:3    | Identified the ring "Ryijurr" {Fly rN+ SInv}
 47913 | Elf:3    | Identified the +6 battleaxe "Qecixafag" {drain, *Corrode
                  | rElec rN+}
 47925 | Abyss:3  | Cast into level 3 of the Abyss (a deep elf demonologist)
 48026 | Elf:3    | Escaped the Abyss
 48175 | Elf:3    | Identified the +0 plate armour of the Fiddle {Dex+3}
 48178 | Elf:3    | Identified the +3 cloak of the Fletcher {Regen+ SInv}
 48200 | Elf:3    | Reached skill level 5 in Summonings
 48200 | Elf:3    | Gained mutation: You punish those that try to bend your
                  | will. (Will+) [demonic ancestry]
 48200 | Elf:3    | Reached XP level 21. HP: 164/164 MP: 30/30
 48203 | Elf:3    | Got the Secrets of the Syncline and Ill Luck
 48230 | Elf:3    | Got the Vellum of the Sinister Athanor
 48523 | Vaults:1 | Entered Level 1 of the Vaults
 48553 | Vaults:1 | Noticed Zenata
 48632 | D:14     | HP: 5/162 [Zenata/a resonance strike (43)]
 48633 | D:14     | Slain by a +2 hand axe of draining

Illustrated notes

Levels and vault maps discovered:
D:1:      eino_arrival_druids_welcome, layout_basic, minmay_pentomino_o2
D:2:      layout_loops_ring, serial_shops, nicolae_shop_stone, basic_altar,
          minmay_fractal_squares_gapless_5, uniq_robin, uniq_terence,
          uniq_jessica
D:3:      layout_loops_ring, mainiacjoe_overflow_small_starburst,
          marbit_many_paths, nicolae_uskayaw_murder_on_the_dancefloor,
          dk_xom_monty_hall, gammafunk_temple_overflow_statue, serial_shops,
          nicolae_shop_window_shopping
D:4:      layout_gridville, hangedman_decor_opposing, kennysheep_nondescript,
          st_stairs_1
D:5:      layout_basic, lemuel_round_altar, fiery_altar_vehumet,
          nemelex_spade_bored_becter, lemuel_coloured_pillars_altar,
          serial_shops, nicolae_shop_crystal, shop, uniq_grinder
D:6:      layout_basic, fountainhead, uniq_eustachio
D:7:      layout_rooms, demons_altar, minmay_temple_entry_drinking_statues
D:8:      layout_basic, overflow_temple_1_default, uniq_jeremiah, uniq_erica
D:9:      layout_loops_ring, nicolae_hepliaklqana_ecumenical_no_more,
          nicolae_tso_carved_into_rock, gammafunk_ghost_spectres, serial_shops,
          shop_fountains, uniq_psyche
D:10:     minmay_inner_zag, layout_basic, david_lair_generic, hiddenorc2_lemuel,
          serial_shops, shop, minmay_misc_feat_square, uniq_maurice,
          uniq_nergalle, uniq_sonja
D:11:     layout_roguey, serial_co_window_serial, co_window_cross_1,
          co_window_of_opportunity_a, co_window_paths_b, co_window_corner_a,
          co_window_corner_a, co_window_paths_a, co_window_of_opportunity_b,
          co_window_broadway_b, co_window_of_opportunity_c,
          co_window_of_opportunity_b, glass_columns_c, glass_columns_a,
          glass_columns_c, glass_columns_a, nrook_guardian_serpent_double
D:12:     layout_irregular_city, david_defended_altar_orc, uniq_josephine
D:13:     layout_loops_ring, nicolae_danse_macabre, uniq_snorg
D:14:     layout_grid_maze, hangedman_vaults_entry_quadrant_bands,
          minmay_mirror_moons_of_madness
D:15:     grunt_enter_depths_snipers, layout_stronghold,
          nicolae_figureground_sparkle, serial_shops, shop
Temple:   corrupted_temple
Lair:1:   layout_gridlike, grunt_megastairs_5, serial_bayou_shore_a, uniq_harold
Lair:2:   layout_roguey, minmay_shoals_entry_lonely_mermaid,
          spider_nest_entry_web_field, serial_bayou_pond_b, st_stairs_6
Lair:3:   layout_chaotic_city
Lair:4:   layout_roguey, minmay_slime_entry_pillars,
          chequers_serial_rivers_large_b, uniq_kirke
Lair:5:   grunt_lair_end_beastmaster, layout_loops_ring
Shoals:1: layout_shoals
Shoals:2: layout_shoals, serial_shops, nicolae_shop_waterfront,
          nicolae_specific_store, nicolae_shoals_mertower, uniq_aizul,
          uniq_ilsuiw, uniq_donald
Shoals:3: layout_shoals, nicolae_shoals_former_cling_halls
Shoals:4: shoals_end_grunt_ice, layout_shoals, nicolae_shoals_aquamancer_cove,
          uniq_polyphemus
Spider:1: layout_spider_delve, uniq_louise, uniq_asterion, uniq_rupert
Spider:2: layout_cave_pods, hangedman_stitches_earthworm
Spider:3: layout_spider_delve, gammafunk_ghost_arena,
          hangedman_spider_tarantella_strand, uniq_bai_suzhen
Spider:4: hellmonk_spider_rune_endless_swarm
Orc:1:    layout_caves
Orc:2:    grunt_orc_gardens, layout_caves, grunt_orc_garden, grunt_orc_garden,
          grunt_orc_garden, grunt_orc_garden, basic_altar, uniq_erolcha,
          uniq_nessos
Elf:1:    layout_geoelf_diagonals, nicolae_elf_shapeshifter_party
Elf:2:    elven_hall_of_blades_hangedman_alternative
          [mumra_blade_entry_bloodbath], layout_loops_cross, serial_shops,
          bzr_entry_gold, nicolae_rare_books, hangedman_elf_targeted_burst,
          minivault_14, nicolae_shop_clearance
Elf:3:    grunt_elf_hall_asides, layout_loops_corners, serial_shops,
          nicolae_shop_behind_doors, drop_trap,
          nicolae_elf_vaults_five_recruitment_drive
Vaults:1: v_alt_pattern_6, v_misc_5, vaults_mumra_minichess_inversion,
          grunt_vaults_hallway_long, ontoclasm_vaults_misaligned, v_pattern_5,
          nicolae_vaults_weapon_check, grunt_vaults_swirl,
          nicolae_vaults_trapezoid_lopsided_1, nicolae_vaults_double_plus_1,
          layout_vaults_omnigrid, uniq_zenata

Skill      XL: |  1  2  3  4  5  6  7  8  9 10 11 12 13 14 15 16 17 18 19 20 |
---------------+-------------------------------------------------------------+-----
Polearms       | 2 3 4 5 6 8 9 11 12 13 15 17 18 19 20 | 20.0
Armour         | 3 4 5 6 7 8 9 10 11 12 13 14 | 14.8
Shields        | 3 4 5 6 7 8 9 10 12 | 12.9
Necromancy     | 1 2 3 4 6 7 8 9 10 11 12 14 15 16 | 16.6
Spellcasting   | 1 3 5 6 7 8 |  8.9
Evocations     | 1 2 4 5 6 8 |  8.0
Fighting       | 4 6 7 9 10 11 12 13 | 13.8
Throwing       | 1 |  1.0
Stealth        | 2 4 |  4.0
Dodging        | 2 4 |  4.4
Summonings     | 2 4 5 |  5.4

Action                     |  1- 3 |  4- 6 |  7- 9 | 10-12 | 13-15 | 16-18 | 19-21 || total
---------------------------+-------+-------+-------+-------+-------+-------+-------++-------
  Melee: Trident           |   118 |   166 |       |       |       |       |       ||   284
         Kick              |    19 |    34 |    40 |   158 |   461 |   711 |   250 ||  1673
         Demon trident     |       |     9 |   220 |   536 |  1245 |  2211 |   772 ||  4993
         Headbutt          |       |       |       |       |   105 |   383 |       ||   488
  Throw: Dart              |       |     1 |     7 |    33 |     3 |    56 |       ||   100
   Cast: Vampiric Draining |       |       |       |     5 |     9 |    31 |    17 ||    62
         Animate Dead      |       |       |       |     3 |    15 |    12 |     1 ||    31
         Dispel Undead     |       |       |       |    10 |    14 |       |     1 ||    25
         Fugue of the Fall |       |       |       |     1 |    14 |     2 |       ||    17
 Invoke: Torment           |       |       |       |       |     2 |     2 |     1 ||     5
         Unearth Wretches  |       |       |       |       |       |     1 |       ||     1
  Evoke: Wand              |       |       |     1 |    11 |     6 |    13 |       ||    31
         Lightning rod     |       |       |       |       |     3 |     4 |       ||     7
    Use: Scroll            |       |     9 |     8 |     3 |     9 |    13 |     3 ||    45
         Potion            |       |     2 |       |     1 |     6 |     4 |     6 ||    19
   Stab: Distracted        |       |       |       |     1 |    12 |    14 |     3 ||    30
         Petrified         |       |       |       |       |     6 |       |       ||     6
         Sleeping          |       |       |       |       |     9 |       |       ||     9
         Invisible         |       |       |       |       |     1 |       |       ||     1
         Paralysed         |       |       |       |       |       |     9 |     2 ||    11
 Armour: Scale mail        |   103 |    90 |   146 |   278 |   420 |       |       ||  1037
         Plate armour      |       |       |       |       |   202 |  1597 |   440 ||  2239
  Dodge: Dodged            |    51 |    49 |    53 |   100 |   203 |   215 |    50 ||   721
  Block: Buckler           |    22 |    22 |    34 |   116 |   492 |   124 |       ||   810
         Reflection        |       |       |       |       |    35 |    51 |    34 ||   120
         Tower shield      |       |       |       |       |       |  2234 |   530 ||  2764

Table legend: (Time is in decaauts)
 A = Elapsed time spent in this place.
 B = Non-inter-level travel time spent in this place.
 C = Inter-level travel time spent in this place.
 D = Time resting spent in this place.
 E = Time spent auto-exploring this place.
 F = Levels seen in this place.
 G = Mean time per level.
                   A        B        C        D        E       F      G
               +--------+--------+--------+--------+--------+-----+--------+
         Total |  48357 |  44604 |   3753 |  12895 |  16012 |  38 | 1272.6 |
       Dungeon |  20398 |  18315 |   2083 |   5010 |   8711 |  15 | 1359.9 |
        Temple |    103 |    103 |      0 |     77 |      0 |   1 |  103.0 |
          Lair |   5349 |   4948 |    401 |    700 |   2373 |   5 | 1069.8 |
        Shoals |   5499 |   5157 |    342 |   1087 |   1332 |   4 | 1374.8 |
   Spider Nest |   7966 |   7558 |    408 |   3301 |   1395 |   4 | 1991.5 |
  Orcish Mines |   2297 |   2096 |    201 |    784 |    684 |   2 | 1148.5 |
   Elven Halls |   5987 |   5670 |    317 |   1719 |   1516 |   3 | 1995.7 |
        Vaults |     59 |     59 |      0 |      0 |      0 |   1 |   59.0 |
         Abyss |    653 |    653 |      0 |    214 |      0 |   2 |  326.5 |
        Bazaar |     43 |     43 |      0 |      0 |      0 |   1 |   43.0 |
               +--------+--------+--------+--------+--------+-----+--------+

Top non-repeatable levels by time:
Spider:4: 2834 daAuts
   Elf:3: 2522 daAuts
    D:10: 2410 daAuts
Spider:2: 2285 daAuts
   Elf:2: 2253 daAuts
    D:13: 2005 daAuts
    D:11: 1795 daAuts
    D:14: 1658 daAuts
     D:9: 1656 daAuts
    D:12: 1634 daAuts
Shoals:4: 1603 daAuts
Spider:1: 1514 daAuts
Shoals:1: 1510 daAuts
  Lair:2: 1442 daAuts
Spider:3: 1331 daAuts
